[Event "Titled Tuesday Blitz February 07 Early 2023"]
[White "Bruzon Batista, Lazaro"]
[Black "Rakhmanov, Aleksandr"]
[WhiteFideId "3503739"]
[BlackFideId "4173708"]
[WhiteElo "2611"]
[BlackElo "2632"]
[Result "1/2-1/2"]
[Round "06"]
[TimeControl "180+2"]
[Date "2023.02.07"]
[WhiteClock "0:01:47"]
[BlackClock "0:00:59"]

1. e4 c5 2. Nf3 Nf6 3. Nc3 d5 4. e5 Nfd7 5. Nxd5 Nxe5 6. Nc3 Nxf3+ 7. Qxf3 Nc6 8. Bb5 Bd7 9. O-O e6 10. Re1 a6 11. Bxc6 Bxc6 12. Qg3 h5 13. h3 h4 14. Qe5 Qd6 15. d3 Qxe5 16. Rxe5 Bd6 17. Re1 O-O-O 18. Ne4 Be7 19. f3 b6 20. b3 Kb7 21. Bb2 f6 22. Nf2 Bd7 23. a4 a5 24. Ne4 1/2-1/2


[Site "https://www.chess.com"]

[Event "Titled Tuesday Blitz February 07 Early 2023"]
[White "Kamsky, Gata"]
[Black "Senlle Caride, Miguel"]
[WhiteFideId "2000024"]
[BlackFideId "2282500"]
[WhiteElo "2665"]
[BlackElo "2343"]
[Result "1-0"]
[Round "06"]
[TimeControl "180+2"]
[Date "2023.02.07"]
[WhiteClock "0:00:05"]
[BlackClock "0:00:01"]

1. d4 Nf6 2. Bf4 e6 3. e3 d5 4. Nf3 Bd6 5. Bxd6 Qxd6 6. c4 c5 7. Nc3 Nc6 8. cxd5 exd5 9. Nb5 Qe7 10. dxc5 O-O 11. Rc1 Ne4 12. Be2 Be6 13. O-O Nxc5 14. Nbd4 Nxd4 15. Nxd4 Rac8 16. Bf3 Ne4 17. Qd3 Rxc1 18. Rxc1 Rc8 19. Rxc8+ Bxc8 20. Qb5 Qd7 21. Qd3 Nf6 22. Ne2 Qc7 23. Nc3 Be6 24. Qd4 Qa5 25. g4 h6 26. h4 Qd8 27. Kg2 Qe7 28. Qe5 Nd7 29. Qg3 Nb6 30. g5 hxg5 31. hxg5 Nc4 32. Nxd5 Qc5 33. Be4 Nd6 34. Qe5 1-0


[Site "https://www.chess.com"]

[Event "Titled Tuesday Blitz February 07 Early 2023"]
[White "Daneshvar, Bardiya"]
[Black "Ohanyan, Emin"]
[WhiteFideId "12576468"]
[BlackFideId "13312022"]
[WhiteElo "2540"]
[BlackElo "2444"]
[Result "1-0"]
[Round "06"]
[TimeControl "180+2"]
[Date "2023.02.07"]
[WhiteClock "0:01:00"]
[BlackClock "0:00:02"]

1. b3 Nf6 2. Bb2 g6 3. Nf3 Bg7 4. d4 O-O 5. e3 d5 6. c4 c6 7. Nc3 Nbd7 8. Be2 b6 9. O-O Bb7 10. Rc1 Rc8 11. Nd2 e6 12. Na4 Re8 13. b4 Qe7 14. c5 b5 15. Nc3 e5 16. Nb3 Rc7 17. Na5 Bc8 18. Bxb5 cxb5 19. Nxb5 Nb8 20. dxe5 Ng4 21. Nxc7 Qxc7 22. Qxd5 Nxe5 23. Qd6 Qxd6 24. cxd6 Nd3 25. Bxg7 Nxc1 26. Rxc1 Kxg7 27. Rc7 a6 28. h3 Bd7 29. Nb7 Bc6 30. Nc5 Kf6 31. Nxa6 Bb5 32. Nc5 Rd8 33. a4 Be8 34. f4 Nd7 35. e4 Nxc5 36. bxc5 Bxa4 37. c6 Ke6 38. e5 Kd5 39. Rxf7 Bxc6 40. Rxh7 Ke4 41. Rf7 Bd5 42. Rf6 Ke3 43. h4 Ra8 44. d7 Rd8 45. e6 1-0


[Site "https://www.chess.com"]

[Event "Titled Tuesday Blitz February 07 Early 2023"]
[White "Keymer, Vincent"]
[Black "Vasquez Schroeder, Rodrigo"]
[WhiteFideId "12940690"]
[BlackFideId "3400042"]
[WhiteElo "2700"]
[BlackElo "2524"]
[Result "1-0"]
[Round "06"]
[TimeControl "180+2"]
[Date "2023.02.07"]
[WhiteClock "0:00:02"]
[BlackClock "0:00:01"]

1. d4 Nf6 2. c4 e6 3. Nf3 c5 4. d5 d6 5. Nc3 exd5 6. cxd5 g6 7. Bf4 Bg7 8. Qa4+ Bd7 9. Qb3 Qc7 10. e4 O-O 11. Be2 b5 12. Bxb5 Nxe4 13. O-O Nxc3 14. bxc3 Bxb5 15. Qxb5 Bxc3 16. Rab1 Be5 17. Bxe5 dxe5 18. Qb7 Qxb7 19. Rxb7 f6 20. Rfb1 Na6 21. a3 Rab8 22. Nd2 Rxb7 23. Rxb7 Rf7 24. Rb5 Rd7 25. Ra5 Nc7 26. Rxa7 Rxd5 27. Nf1 Nb5 28. Ra8+ Kf7 29. a4 Nc3 30. Ne3 Rd4 31. a5 Ra4 32. g3 f5 33. Kg2 h5 34. a6 f4 35. Nf1 g5 36. a7 Kg7 37. h3 e4 38. gxf4 gxf4 39. Nd2 Ra2 40. Nc4 e3 41. Re8 Rxa7 42. fxe3 Nd5 43. e4 Nf6 44. Re5 Ra4 45. Rxc5 1-0


[Site "https://www.chess.com"]

[Event "Titled Tuesday Blitz February 07 Early 2023"]
[White "Guseinov, Gadir"]
[Black "Gabrielian, Artur"]
[WhiteFideId "13401378"]
[BlackFideId "4131002"]
[WhiteElo "2661"]
[BlackElo "2452"]
[Result "1-0"]
[Round "06"]
[TimeControl "180+2"]
[Date "2023.02.07"]
[WhiteClock "0:00:04"]
[BlackClock "0:00:13"]

1. e4 e5 2. Nf3 Nc6 3. d4 exd4 4. Bc4 Bc5 5. Ng5 Nh6 6. Nxf7 Nxf7 7. Bxf7+ Kxf7 8. Qh5+ g6 9. Qxc5 d6 10. Qc4+ Be6 11. Qe2 Re8 12. O-O Kg8 13. f3 d5 14. Nd2 Qf6 15. Qf2 Rad8 16. a3 Bf7 17. Rb1 a5 18. b4 axb4 19. axb4 b5 20. Bb2 Qf4 21. Rfe1 Qd6 22. exd5 Bxd5 23. Bxd4 Rxe1+ 24. Rxe1 Bxf3 25. Bc3 Bd5 26. Qh4 g5 27. Qxg5+ Qg6 28. Qxg6+ hxg6 29. Nf1 Ra8 30. Ne3 Be6 31. Rf1 Ra3 32. Bd2 Nd4 33. h4 Nf5 34. Nxf5 Bxf5 35. c3 Ra2 36. Rf2 Be4 37. Kh2 c6 38. Kg3 Kg7 39. Bh6+ 1-0


[Site "https://www.chess.com"]

[Event "Titled Tuesday Blitz February 07 Early 2023"]
[White "Talibov, Shiroghlan"]
[Black "Gokerkan, Cem Kaan"]
[WhiteFideId "13429078"]
[BlackFideId "6336760"]
[WhiteElo "2359"]
[BlackElo "2500"]
[Result "0-1"]
[Round "06"]
[TimeControl "180+2"]
[Date "2023.02.07"]
[WhiteClock "0:00:01"]
[BlackClock "0:00:11"]

1. e4 c5 2. Nf3 g6 3. d4 cxd4 4. Nxd4 Bg7 5. Nc3 Nc6 6. Be3 Nf6 7. Bc4 O-O 8. Bb3 d5 9. exd5 Na5 10. Qd2 Nxb3 11. Nxb3 b6 12. O-O Bb7 13. Rad1 Qd7 14. Rfe1 Rad8 15. Bd4 Rfe8 16. h3 Qc8 17. Qg5 Bxd5 18. Be5 Ba8 19. f3 h6 20. Qe3 Bb7 21. a4 Qf5 22. Nd4 Qh5 23. Qf2 Rd7 24. f4 Red8 25. Rd3 g5 26. Nf5 Rxd3 27. cxd3 g4 28. Nxg7 Kxg7 29. Re3 gxh3 30. Rxh3 Qf5 31. Qh4 h5 32. Ne4 Bxe4 0-1


[Site "https://www.chess.com"]

[Event "Titled Tuesday Blitz February 07 Early 2023"]
[White "Wagh Suyog"]
[Black "Yuan, Qingyu"]
[WhiteFideId "25071688"]
[BlackFideId "8609772"]
[WhiteElo "2313"]
[BlackElo "2373"]
[Result "0-1"]
[Round "06"]
[TimeControl "180+2"]
[Date "2023.02.07"]
[WhiteClock "0:00:04"]
[BlackClock "0:00:14"]

1. d4 d5 2. c4 e6 3. Nf3 Nf6 4. Nc3 Be7 5. cxd5 exd5 6. Bg5 c6 7. e3 Bf5 8. Bd3 Bxd3 9. Qxd3 Nbd7 10. O-O O-O 11. Rab1 a5 12. a3 Ne4 13. Bf4 Nd6 14. Rfc1 Nb6 15. a4 Re8 16. b3 Bf8 17. Nd2 Qd7 18. Re1 Re6 19. Bg3 Rae8 20. Ne2 Ne4 21. Nxe4 Rxe4 22. Rec1 h5 23. Nc3 Rg4 24. f3 Rg6 25. Kh1 Bb4 26. Na2 Bf8 27. Re1 Rge6 28. Rbd1 g6 29. Bf2 Nc8 30. Qc3 Qd8 31. Re2 Nd6 32. Nc1 Nf5 33. Qe1 Bb4 34. Qg1 Qg5 35. Rd3 h4 36. Na2 Bd6 37. Qe1 Ng3+ 38. Bxg3 Bxg3 39. Qg1 Qh6 40. Nc3 Bf4 41. Nd1 Bc7 42. Qe1 Qg5 43. b4 h3 44. g3 Qf5 45. e4 dxe4 46. fxe4 Rxe4 47. Rde3 Rxe3 48. Nxe3 Qf3+ 49. Kg1 axb4 50. a5 Bxa5 51. d5 Bb6 52. dxc6 Rxe3 0-1


[Site "https://www.chess.com"]

[Event "Titled Tuesday Blitz February 07 Early 2023"]
[White "Fier, Alexandr"]
[Black "Sjugirov, Sanan"]
[WhiteFideId "2107139"]
[BlackFideId "4189302"]
[WhiteElo "2589"]
[BlackElo "2712"]
[Result "0-1"]
[Round "06"]
[TimeControl "180+2"]
[Date "2023.02.07"]
[WhiteClock "0:00:16"]
[BlackClock "0:00:04"]

1. d4 Nf6 2. Nf3 e6 3. e3 b6 4. Bd3 Bb7 5. O-O d5 6. b3 Bd6 7. Bb2 Nbd7 8. c4 O-O 9. Nc3 a6 10. cxd5 exd5 11. Rc1 Re8 12. Na4 Ne4 13. g3 Re6 14. Rc2 Qe7 15. Qc1 Rc8 16. Nc3 Rf6 17. Ne1 Rh6 18. Nxe4 dxe4 19. Be2 Qe6 20. f4 exf3 21. Bxf3 Bxf3 22. Nxf3 Qd5 23. Re2 Re8 24. Qc4 Qh5 25. Qxa6 Nf6 26. Ne5 Bxe5 27. dxe5 Ng4 28. Qb5 Rf8 29. h4 Re6 30. e4 g6 31. Rd2 Nxe5 32. Rd5 c6 33. Rxe5 cxb5 34. Rxh5 gxh5 35. Rf5 f6 36. Rxb5 Rc8 37. e5 Rc2 38. Bd4 fxe5 39. Bxe5 Rxa2 40. Rd5 Kf7 41. Kf1 Ra5 42. Rxa5 bxa5 43. Bc3 Re3 44. Bxa5 Rxb3 45. Kf2 Ke6 46. Bc7 Kf5 47. Bd6 Ke4 48. Kg2 Rb2+ 49. Kh3 Kf3 50. Be5 Rb1 51. Kh2 Re1 52. Bd6 Re2+ 53. Kh3 Rc2 54. Bb8 Ra2 55. Be5 Kf2 56. Bd4+ Ke2 57. Be5 Rd2 58. g4 Rd3+ 59. Bg3 hxg4+ 60. Kxg4 h5+ 61. Kf4 Kf1 62. Kg5 Rxg3+ 63. Kxh5 Kf2 64. Kh6 Kf3 65. h5 Kf4 66. Kh7 Kg5 67. h6 Rh3 0-1


[Site "https://www.chess.com"]

[Event "Titled Tuesday Blitz February 07 Early 2023"]
[White "Korobov, Anton"]
[Black "Iniyan, P"]
[WhiteFideId "14105730"]
[BlackFideId "25002767"]
[WhiteElo "2664"]
[BlackElo "2525"]
[Result "1-0"]
[Round "06"]
[TimeControl "180+2"]
[Date "2023.02.07"]
[WhiteClock "0:00:57"]
[BlackClock "0:00:18"]

1. d4 d5 2. c4 e6 3. Nc3 Nf6 4. cxd5 exd5 5. Bg5 c6 6. e3 Be7 7. Bd3 O-O 8. Qc2 h6 9. Bh4 Re8 10. Nge2 Na6 11. Bxa6 bxa6 12. O-O a5 13. Bxf6 Bxf6 14. Na4 Ba6 15. Rfd1 Qd6 16. Rac1 Bb5 17. Nc5 Rab8 18. Nc3 Rb6 19. g3 h5 20. b3 h4 21. Qf5 Re7 22. Kg2 Qd8 23. Rc2 Ba6 24. Nxa6 Rxa6 25. Na4 Rc7 26. Rdc1 g6 27. Qg4 Kg7 28. Qe2 Qc8 29. g4 Be7 30. h3 Ba3 31. Rd1 Bd6 32. Qd3 f5 33. gxf5 gxf5 34. f4 Kf6 35. Kh2 Rg7 36. Rg1 Rxg1 37. Kxg1 Be7 38. Rg2 c5 39. dxc5 Bxc5 40. Nxc5 Qxc5 41. Qxa6+ 1-0


[Site "https://www.chess.com"]

[Event "Titled Tuesday Blitz February 07 Early 2023"]
[White "Tsydypov, Zhamsaran"]
[Black "Pulpan, Jakub"]
[WhiteFideId "4108566"]
[BlackFideId "302759"]
[WhiteElo "2518"]
[BlackElo "2427"]
[Result "1-0"]
[Round "06"]
[TimeControl "180+2"]
[Date "2023.02.07"]
[WhiteClock "0:02:00"]
[BlackClock "0:00:13"]

1. Nf3 d5 2. g3 g6 3. Bg2 Bg7 4. O-O e5 5. d3 Ne7 6. Nbd2 Nbc6 7. e4 O-O 8. a3 a5 9. Rb1 h6 10. b4 axb4 11. axb4 dxe4 12. Nxe4 Nf5 13. b5 Ncd4 14. Nfd2 Nd6 15. c3 N4xb5 16. c4 Nxe4 17. Nxe4 Nd4 18. Nc5 Ra2 19. Be3 Ne2+ 20. Kh1 Nc3 21. Qb3 Nxb1 22. Qxa2 b6 23. Qxb1 bxc5 24. Bxc5 Re8 25. Qb5 Bd7 26. Qb3 Bf5 27. Rd1 Bg4 28. Rd2 e4 29. h3 Bf3 30. d4 Qg5 31. Qe3 Qxe3 32. fxe3 Bxg2+ 33. Kxg2 Rb8 34. Ra2 Bf8 35. Bxf8 Kxf8 36. c5 Ke7 37. Ra7 Kd7 38. g4 Rb2+ 39. Kg3 g5 40. Ra6 Re2 41. Ra3 Ke6 42. h4 Kd5 43. h5 c6 44. Rc3 f6 45. Ra3 Kc4 46. Ra4+ Kb5 47. Ra3 Kb4 48. Ra6 Rxe3+ 49. Kf2 Rf3+ 50. Ke2 Kc4 51. Rxc6 Kxd4 52. Re6 Re3+ 53. Kf2 Rf3+ 54. Ke2 1-0


[Site "https://www.chess.com"]

[Event "Titled Tuesday Blitz February 07 Early 2023"]
[White "Madaminov, Mukhiddin"]
[Black "Zemlyanskii, Ivan"]
[WhiteFideId "14210703"]
[BlackFideId "24249971"]
[WhiteElo "2422"]
[BlackElo "2300"]
[Result "0-1"]
[Round "06"]
[TimeControl "180+2"]
[Date "2023.02.07"]
[WhiteClock "0:00:01"]
[BlackClock "0:00:11"]

1. d4 Nc6 2. Nf3 d6 3. e4 Nf6 4. Nc3 e5 5. Bb5 Bd7 6. O-O exd4 7. Nxd4 Be7 8. Bxc6 bxc6 9. Qf3 c5 10. Nf5 Bxf5 11. Qxf5 O-O 12. b3 Nd7 13. Nd5 Bf6 14. Rb1 Re8 15. Rd1 Nb6 16. Nxf6+ Qxf6 17. Qxf6 gxf6 18. f3 Re6 19. Kf2 Rae8 20. g4 d5 21. Be3 dxe4 22. f4 c4 23. Rd2 c6 24. bxc4 Nxc4 25. Rd7 R6e7 26. Rxe7 Rxe7 27. Rb8+ Kg7 28. Bc5 e3+ 29. Ke1 Re4 30. f5 h6 31. h3 e2 32. Rb4 a5 33. Ra4 h5 34. Ba3 hxg4 35. hxg4 Rxg4 36. Kxe2 Rg2+ 37. Kf3 Rxc2 38. Be7 Rc3+ 39. Kf2 Rc2+ 40. Kf3 c5 41. Kg3 Ne3 42. Kf3 Nxf5 43. Rg4+ Kh6 44. Bxf6 Rxa2 45. Ke4 Rf2 46. Ke5 Nd4 47. Rg8 Rf5+ 0-1


[Site "https://www.chess.com"]

[Event "Titled Tuesday Blitz February 07 Early 2023"]
[White "Beerdsen, Thomas"]
[Black "Makarian, Rudik"]
[WhiteFideId "1030108"]
[BlackFideId "44105681"]
[WhiteElo "2507"]
[BlackElo "2545"]
[Result "1-0"]
[Round "06"]
[TimeControl "180+2"]
[Date "2023.02.07"]
[WhiteClock "0:02:25"]
[BlackClock "0:02:24"]

1. e4 c5 2. Nf3 e6 3. d4 cxd4 4. Bg5 Nc6 5. Bxd8 Kxd8 6. Nxd4 Bc5 7. c3 Nf6 8. Bb5 Ke7 9. Bxc6 bxc6 10. O-O Nxe4 11. Re1 Nf6 12. Qf3 Bb7 13. Nd2 Rhe8 14. Ne4 Bxd4 15. cxd4 c5 16. dxc5 Rab8 17. c6 Nxe4 18. Qa3+ d6 19. cxb7 Nc5 20. Rac1 Rxb7 21. Rxc5 dxc5 22. Qxc5+ Kf6 23. Qe5+ Kg6 24. Qe4+ 1-0


[Site "https://www.chess.com"]

[Event "Titled Tuesday Blitz February 07 Early 2023"]
[White "Jones, Gawain C B"]
[Black "Sattarov, Bobir"]
[WhiteFideId "409561"]
[BlackFideId "14203081"]
[WhiteElo "2618"]
[BlackElo "2366"]
[Result "1-0"]
[Round "06"]
[TimeControl "180+2"]
[Date "2023.02.07"]
[WhiteClock "0:00:06"]
[BlackClock "0:00:01"]

1. Nf3 Nf6 2. b3 c5 3. Bb2 Nc6 4. e3 e6 5. g3 b6 6. Bg2 Bb7 7. c4 d5 8. cxd5 exd5 9. d4 cxd4 10. Nxd4 Bb4+ 11. Bc3 Bxc3+ 12. Nxc3 Rc8 13. Nxc6 Rxc6 14. Ne2 O-O 15. Nd4 Rc8 16. O-O Ne4 17. Rc1 Qf6 18. Rc2 Rc5 19. b4 Rxc2 20. Qxc2 Rc8 21. Qb2 h5 22. h4 Rc4 23. Bxe4 dxe4 24. Rc1 Bd5 25. Rxc4 Bxc4 26. Qc2 Bd3 27. Qc7 a6 28. a4 b5 29. a5 Kh7 30. Qb6 Qe7 31. Qc5 Qd7 32. Qxh5+ Kg8 33. Qf5 Qc7 34. Qc5 Qd7 35. Kg2 Qg4 36. Qc6 Qd1 37. Qc8+ Kh7 38. Qf5+ Kg8 39. Kh2 Qf1 40. h5 Qe1 41. Nc6 Be2 42. Ne7+ Kf8 43. Ng6+ Kg8 44. Qc8+ Kh7 45. Qh8# 1-0


[Site "https://www.chess.com"]

[Event "Titled Tuesday Blitz February 07 Early 2023"]
[White "Salimova, Nurgyul"]
[Black "Samunenkov, Ihor"]
[WhiteFideId "2915138"]
[BlackFideId "14187086"]
[WhiteElo "2391"]
[BlackElo "2501"]
[Result "0-1"]
[Round "06"]
[TimeControl "180+2"]
[Date "2023.02.07"]
[WhiteClock "0:00:02"]
[BlackClock "0:00:31"]

1. d4 d5 2. Nf3 Nf6 3. c4 e6 4. g3 Be7 5. Bg2 O-O 6. O-O c6 7. Bf4 dxc4 8. Ne5 Nd5 9. Nxc4 Nd7 10. Bd2 b5 11. Na5 Qb6 12. Qc1 c5 13. dxc5 Nxc5 14. Nc3 Rd8 15. Nxd5 exd5 16. b4 Ne4 17. Nc6 Re8 18. Be3 Qb7 19. Nxe7+ Rxe7 20. Rd1 Be6 21. Bd4 Rc8 22. Qf4 Rc4 23. Bxe4 dxe4 24. Qg5 f5 25. Be5 Rd7 26. Rxd7 Qxd7 27. Kg2 h6 28. Qg6 Qf7 29. Qxf7+ Kxf7 30. a3 Rc2 31. e3 Bc4 32. Rd1 Bd3 33. Bd4 a6 34. h3 g5 35. g4 Be2 36. gxf5 Bxd1 0-1


[Site "https://www.chess.com"]

[Event "Titled Tuesday Blitz February 07 Early 2023"]
[White "Zhigalko, Sergei"]
[Black "Shipov, Sergei"]
[WhiteFideId "13502956"]
[BlackFideId "4113624"]
[WhiteElo "2572"]
[BlackElo "2541"]
[Result "1-0"]
[Round "06"]
[TimeControl "180+2"]
[Date "2023.02.07"]
[WhiteClock "0:00:07"]
[BlackClock "0:00:02"]

1. e4 e6 2. d4 d5 3. Nd2 Be7 4. Ngf3 Nf6 5. Bd3 c5 6. exd5 Qxd5 7. O-O cxd4 8. Re1 Nc6 9. Qe2 O-O 10. Nb3 Rd8 11. Bf4 b6 12. Rad1 Bb7 13. c3 h6 14. Bb1 Qh5 15. Nbxd4 Nxd4 16. Nxd4 Qxe2 17. Nxe2 b5 18. Nd4 a6 19. h3 Nd5 20. Be5 Rac8 21. Be4 b4 22. cxb4 Bxb4 23. Rf1 Ba8 24. a3 Bc5 25. Nb3 Bb6 26. Rc1 f6 27. Rxc8 Rxc8 28. Bd4 Bxd4 29. Nxd4 Kf7 30. Re1 Nc7 31. Bxa8 Rxa8 32. Rc1 Nb5 33. Nxb5 axb5 34. Rc7+ Kg6 35. Rb7 Ra5 36. g3 h5 37. h4 e5 38. Kg2 Kh6 39. Kf3 g5 40. hxg5+ Kxg5 41. Rb6 Kf5 42. Ke3 Kg5 43. f3 Kf5 44. Kd3 Kg5 45. Kc3 f5 46. Kb4 Ra4+ 47. Kc5 Rd4 48. Rxb5 Rd3 49. a4 Rxf3 50. a5 Rxg3 51. a6 Rg1 52. Kb6 h4 53. a7 Ra1 54. Ra5 Rxa5 55. Kxa5 e4 56. a8=Q h3 57. Qg8+ Kf4 58. Qg1 e3 59. b4 Kf3 60. Qf1+ Kg3 61. Qg1+ Kf3 62. b5 e2 63. b6 h2 64. Qh1+ Ke3 65. b7 f4 66. b8=Q f3 67. Qe5+ Kd2 68. Qd4+ Kc2 69. Qf2 1-0


[Site "https://www.chess.com"]

[Event "Titled Tuesday Blitz February 07 Early 2023"]
[White "Ozen, Bahadir"]
[Black "Zahid, Sanatan"]
[WhiteFideId "6337058"]
[BlackFideId "10201963"]
[WhiteElo "2369"]
[BlackElo "1930"]
[Result "0-1"]
[Round "06"]
[TimeControl "180+2"]
[Date "2023.02.07"]
[WhiteClock "0:00:06"]
[BlackClock "0:00:24"]

1. g3 Nf6 2. Bg2 g6 3. Nf3 Bg7 4. O-O O-O 5. d4 d5 6. c3 Bf5 7. Nbd2 Nbd7 8. Nh4 Be6 9. e4 Nxe4 10. Nxe4 dxe4 11. Bxe4 c6 12. Re1 Re8 13. Bg5 Qa5 14. Bf4 Bc4 15. Nf3 Rad8 16. Bd3 Bxd3 17. Qxd3 e5 18. Bg5 f6 19. Qc4+ Qd5 20. Qxd5+ cxd5 21. Be3 e4 22. Nd2 f5 23. a4 Nf8 24. a5 Ne6 25. f4 Bf8 26. Kf2 a6 27. Ra4 Kf7 28. Rb1 Rc8 29. h4 Rc6 30. Rh1 h5 31. Ke2 Nc7 32. Rc1 Rc8 33. Nb3 b5 34. Raa1 Ne6 35. Bd2 Rb8 36. Ke3 Rc4 37. Rab1 b4 38. cxb4 Bxb4 39. Rxc4 dxc4 40. Bxb4 Rxb4 41. Nd2 Nc7 42. Rc1 Nd5+ 43. Ke2 Rxb2 44. Ke1 c3 45. Nc4 Rh2 46. Kd1 Rg2 47. Ne5+ Ke6 48. Nc6 Ne3+ 49. Ke1 Rg1+ 0-1


[Site "https://www.chess.com"]

[Event "Titled Tuesday Blitz February 07 Early 2023"]
[White "Grigorjev, Iljya"]
[Black "Harshavardhan G B"]
[WhiteFideId "24159565"]
[BlackFideId "25059009"]
[WhiteElo "2426"]
[BlackElo "2408"]
[Result "1/2-1/2"]
[Round "06"]
[TimeControl "180+2"]
[Date "2023.02.07"]
[WhiteClock "0:00:15"]
[BlackClock "0:00:12"]

1. Nf3 Nf6 2. g3 g6 3. Bg2 Bg7 4. O-O O-O 5. d4 d5 6. c4 c6 7. cxd5 cxd5 8. Ne5 Ng4 9. Nxg4 Bxg4 10. h3 Bf5 11. Nc3 Nc6 12. Nxd5 Bxd4 13. Bg5 Bg7 14. Rc1 h6 15. Bf4 Bxb2 16. Bxh6 Bxc1 17. Qxc1 Re8 18. Qb2 e5 19. Qxb7 Nd4 20. e3 Ne2+ 21. Kh2 Rb8 22. Qxa7 e4 23. Rd1 Ra8 24. Qc7 Kh7 25. Qxd8 Rexd8 26. Bg5 Rdb8 27. g4 Be6 28. Nf6+ Kg7 29. Nxe4 Rxa2 30. Bf6+ Kg8 31. Ng5 Bc4 32. Bf3 Ra6 33. Be5 Re8 34. Bb2 Ra2 35. Rd2 Rb8 36. Bxe2 Bxe2 37. Rxe2 Raxb2 38. Rxb2 Rxb2 39. Kg3 Kg7 40. Nf3 f6 41. Nd4 Ra2 42. h4 Kf7 43. Nf3 Ke6 44. g5 f5 45. Ng1 Ra4 46. Nh3 Rg4+ 47. Kf3 Rxh4 48. Nf4+ Kf7 49. Nd3 Re4 50. Nf4 Kg7 51. Kg3 Ra4 52. Kf3 Ra1 53. Ne2 Kf7 54. Ng3 Rg1 55. Kf4 Ra1 56. Kf3 Ra4 57. e4 fxe4+ 58. Nxe4 Rb4 59. Kf4 Ke6 60. f3 Ra4 61. Ke3 Ke5 62. Ng3 Ra3+ 63. Kf2 Kf4 64. Ne2+ Kxg5 65. Kg3 Kf5 66. Nd4+ Kf6 67. Ne2 Ra4 68. Ng1 Rc4 69. Nh3 Kf5 70. Nf2 Rc3 71. Ng4 Ra3 72. Nf2 Ke5 73. Ng4+ Kd4 74. Kf4 Ra5 75. Nf2 Rf5+ 76. Kg3 Ke3 77. Ng4+ Ke2 78. Nh2 Rg5+ 79. Kf4 Rf5+ 80. Kg3 Rf8 81. Kg4 Kf2 82. Kg5 Kg3 83. Ng4 Rxf3 84. Nf6 Ra3 85. Kxg6 Kf4 86. Nh5+ Ke5 87. Kg5 Ra1 88. Ng3 Ra4 89. Nh5 Ra8 90. Kg4 Rg8+ 91. Kf3 Rg6 92. Ng3 Rg7 93. Nh5 Rd7 94. Ng3 Rd4 95. Ne2 Ra4 96. Ng3 Kf6 97. Ne4+ Kf5 98. Ng3+ Ke5 99. Ne2 Ra3+ 100. Kg4 Ke4 101. Ng3+ Ke3 102. Nf5+ Kf2 103. Kf4 Ra4+ 104. Ke5 Kf3 105. Nd4+ Kg4 106. Ne6 Ra5+ 107. Ke4 Ra1 108. Ke5 Re1+ 109. Kf6 Kf3 110. Kf5 Rh1 111. Ng5+ Ke3 112. Ne6 Rh5+ 113. Kg4 Rh8 114. Kf5 Re8 115. Ke5 Ra8 116. Kd5 Ra5+ 117. Nc5 Ra8 118. Ke6 Rc8 119. Nd7 Kd4 120. Nf6 Rc6+ 121. Kf5 Rc5+ 122. Kf4 Rc1 123. Kf5 Re1 124. Ng4 Rf1+ 125. Ke6 Ke4 126. Nf6+ Kd4 127. Ng4 Ra1 128. Nf6 Ra5 129. Ng4 Rb5 130. Nf6 Rg5 131. Nd7 Rd5 132. Nf6 Re5+ 133. Kd6 Re1 134. Nd7 Ra1 135. Ke6 1/2-1/2


[Site "https://www.chess.com"]

[Event "Titled Tuesday Blitz February 07 Early 2023"]
[White "Assaubayeva, Bibisara"]
[Black "Ivic, Velimir"]
[WhiteFideId "13708694"]
[BlackFideId "950122"]
[WhiteElo "2464"]
[BlackElo "2595"]
[Result "1-0"]
[Round "06"]
[TimeControl "180+2"]
[Date "2023.02.07"]
[WhiteClock "0:00:09"]
[BlackClock "0:00:01"]

1. e4 c5 2. Nf3 Nc6 3. Nc3 g6 4. d4 cxd4 5. Nxd4 Bg7 6. Be3 Nf6 7. Nxc6 bxc6 8. e5 Ng8 9. f4 f6 10. Bd4 Qa5 11. Qd2 fxe5 12. fxe5 Bxe5 13. Qg5 d6 14. Bxe5 dxe5 15. O-O-O Nf6 16. Bc4 Qb4 17. Bb3 Bg4 18. Rdf1 Qd4 19. Kb1 O-O-O 20. h3 Bf5 21. g4 Be4 22. Rhg1 Kb8 23. Rd1 Qc5 24. Rde1 Rd4 25. Qe3 Rhd8 26. Qe2 Rd2 27. Qa6 Bf3 28. a3 e4 29. g5 Ne8 30. Rgf1 Nc7 31. Qa4 R8d4 32. Nxe4 Bxe4 33. Rxe4 Rxa4 34. Bxa4 a5 35. Rfe1 Nd5 36. Re6 Qb6 37. Rxc6 Qb7 38. Rc5 Ka7 39. Rxa5+ Kb8 40. Rb5 1-0


[Site "https://www.chess.com"]

[Event "Titled Tuesday Blitz February 07 Early 2023"]
[White "Kaasen, Tor Fredrik"]
[Black "Szpar, Milosz"]
[WhiteFideId "1516647"]
[BlackFideId "1184989"]
[WhiteElo "2480"]
[BlackElo "2447"]
[Result "0-1"]
[Round "06"]
[TimeControl "180+2"]
[Date "2023.02.07"]
[WhiteClock "0:00:11"]
[BlackClock "0:00:06"]

1. d4 Nf6 2. Nf3 c5 3. d5 e6 4. c4 d6 5. Nc3 exd5 6. cxd5 g6 7. Nd2 Bg7 8. e4 O-O 9. Be2 Na6 10. O-O Re8 11. f3 Nc7 12. a4 b6 13. Nc4 Ba6 14. Bg5 Bxc4 15. Bxc4 a6 16. Qd3 Qd7 17. Ra3 Nh5 18. g4 h6 19. Be3 Nf6 20. Qd2 b5 21. axb5 axb5 22. Rxa8 Rxa8 23. Be2 b4 24. Nd1 Kh7 25. Nf2 Qe8 26. Kg2 Nd7 27. f4 Ra2 28. Rb1 Nb6 29. Bd3 Na4 30. Nd1 Nc3 31. Nxc3 bxc3 32. Qc2 Rxb2 33. Rxb2 cxb2 34. Kf3 Nb5 35. Qb3 Nd4+ 36. Bxd4 Bxd4 37. Qb7 Kg7 38. e5 dxe5 39. d6 exf4 40. Be4 Qa4 41. Bd5 Qd1+ 42. Kg2 Qe2+ 43. Kh3 Qd3+ 44. Kg2 f3+ 45. Kg3 f2+ 46. Kg2 f1=Q# 0-1


[Site "https://www.chess.com"]

[Event "Titled Tuesday Blitz February 07 Early 2023"]
[White "Perez Ponsa, Federico"]
[Black "Bilych, Olexiy"]
[WhiteFideId "117927"]
[BlackFideId "14156504"]
[WhiteElo "2532"]
[BlackElo "2441"]
[Result "1-0"]
[Round "06"]
[TimeControl "180+2"]
[Date "2023.02.07"]
[WhiteClock "0:00:45"]
[BlackClock "0:00:01"]

1. e4 c5 2. Nf3 d6 3. d4 cxd4 4. Nxd4 Nf6 5. Nc3 a6 6. Be2 e5 7. Nb3 Be7 8. Bg5 Be6 9. Bxf6 Bxf6 10. Qd3 Qc7 11. O-O-O Be7 12. g3 Nd7 13. f4 Rc8 14. f5 Bc4 15. Qxc4 Qxc4 16. Bxc4 Rxc4 17. Na5 Rxc3 18. bxc3 Nc5 19. Rhe1 Bg5+ 20. Kb2 Ke7 21. h4 Bh6 22. Nc4 Rd8 23. Nb6 g6 24. g4 gxf5 25. g5 Bg7 26. exf5 f6 27. Nd5+ Kf7 28. Rg1 Rc8 29. g6+ hxg6 30. Rxg6 Na4+ 31. Kb3 Nc5+ 32. Ka3 Ne4 33. Rdg1 Rg8 34. h5 Ng5 35. h6 Bh8 36. R1xg5 fxg5 37. Rxd6 e4 38. Rd7+ Ke8 39. Re7+ Kf8 40. Rxe4 g4 41. Nf4 Bxc3 42. Ng6+ Kf7 43. Kb3 Rc8 44. Rxg4 Bf6 45. Rc4 1-0


[Site "https://www.chess.com"]

[Event "Titled Tuesday Blitz February 07 Early 2023"]
[White "Pakleza, Zbigniew"]
[Black "Lianes Garcia, Marcos"]
[WhiteFideId "1119290"]
[BlackFideId "32060777"]
[WhiteElo "2494"]
[BlackElo "2411"]
[Result "1-0"]
[Round "06"]
[TimeControl "180+2"]
[Date "2023.02.07"]
[WhiteClock "0:02:39"]
[BlackClock "0:02:50"]

1. d4 g6 2. Nf3 Bg7 3. Bf4 c5 4. c3 d5 5. e3 Nf6 6. Nbd2 O-O 7. Be2 cxd4 8. cxd4 Nc6 9. O-O Bf5 10. Qb3 Na5 11. Qa3 Re8 12. Rfc1 Bf8 13. Bc7 e5 14. Qxa5 1-0


[Site "https://www.chess.com"]

[Event "Titled Tuesday Blitz February 07 Early 2023"]
[White "Md, Imran"]
[Black "Borges Feria, Yasel"]
[WhiteFideId "25748580"]
[BlackFideId "3504921"]
[WhiteElo "2284"]
[BlackElo "2439"]
[Result "1/2-1/2"]
[Round "06"]
[TimeControl "180+2"]
[Date "2023.02.07"]
[WhiteClock "0:01:59"]
[BlackClock "0:01:59"]

1. d4 Nf6 2. Nf3 e6 3. Bf4 b6 4. e3 Bb7 5. Be2 Be7 6. O-O O-O 7. h3 c5 8. c4 cxd4 9. Nxd4 a6 10. Nc3 d6 11. Bf3 Qc7 12. Bxb7 Qxb7 13. Qf3 Qxf3 14. Nxf3 Rc8 15. Rfd1 e5 16. Bg5 Nbd7 17. Bxf6 Nxf6 18. Nd2 Rc6 19. Rac1 Rac8 20. a4 d5 21. cxd5 Nxd5 22. Nde4 Nxc3 23. Rxc3 f5 24. Rxc6 Rxc6 25. Nc3 1/2-1/2


[Site "https://www.chess.com"]